 Dungeon Crawl Stone Soup version 0.17-a0-125-g34d91a1 (webtiles) character file.

530 Ngotmuk the Chopper (level 7, -2/61 HPs)
             Began as a Deep Dwarf Fighter on Mar 23, 2015.
             Slain by Prince Ribbit (6 damage)
             ... on level 4 of the Dungeon.
             The game lasted 00:10:54 (2373 turns).

Ngotmuk the Chopper (Deep Dwarf Fighter)            Turns: 2373, Time: 00:10:54

Health: -2/61      AC: 12    Str: 27    XL:     7   Next: 3%
Magic:  7/7        EV:  6    Int:  8    God:
Gold:   219        SH: 10    Dex: 12    Spells: 0 memorised, 6 levels left

rFire  . . .     SeeInvis .     a - +1 war axe
rCold  . . .     Clarity  .     p - +0 chain mail
rNeg   . . .     SustAb   .     c - +0 shield
rPois  .         Gourm    .     u - +1 helmet
rElec  .         Spirit   .     (no cloak)
rCorr  .         Warding  .     (no gloves)
rMut   .         Stasis   .     (no boots)
MR     +....                    (no amulet)
Stlth  ..........               (no ring)
                                (no ring)

@: mighty, very slightly contaminated, non-regenerating, hasted, very quick,
somewhat resistant to hostile enchantments, extremely unstealthy
A: damage resistance, recharge devices, sense surroundings 1, slow healing 3
a: Device Recharging


You were on level 4 of the Dungeon.
You were very hungry.

You visited 1 branch of the dungeon, and saw 4 of its levels.

You collected 219 gold pieces.

Inventory:

Hand weapons
 a - a +1 war axe (weapon)
Armour
 c - a +0 shield (worn)
 p - a +0 chain mail (worn)
 u - a +1 helmet (worn)
Magical devices
 d - a wand of heal wounds (0)
 v - a wand of hasting (0)
Scrolls
 b - 7 scrolls of identify {unknown}
 i - 2 scrolls of remove curse {unknown}
 j - 3 scrolls of teleportation {unknown}
 q - a scroll of enchant weapon
 r - a scroll of amnesia {unknown}
 s - 2 scrolls of recharging {unknown}
 x - a scroll of noise {unknown}
Potions
 g - 2 potions of flight {unknown}
 h - a potion of restore abilities {unknown}
 k - a potion of agility {unknown}
 l - a potion of resistance {unknown}
 m - a potion of cancellation {unknown}
 n - a potion of poison {unknown}
 w - a potion of curing {unknown}
 z - a potion of brilliance {unknown}
Comestibles
 f - 3 bread rations
 o - a slice of pizza
 t - 2 beef jerkies


   Skills:
 - Level 2.6 Fighting
 * Level 6.9 Axes
 + Level 5.7 Armour
 - Level 3.2 Shields


You had 6 spell levels left.
You didn't know any spells.

Dungeon Overview and Level Annotations

Branches:
Dungeon (4/15)
 Temple: D:4-7

Altars:
Ashenzari
Okawaru

Annotations:
D:4 Prince Ribbit


Innate Abilities, Weirdness & Mutations

You are resistant to damage.
You can recharge devices by infusing magical energy.
You passively map a small area around you.
You do not heal naturally.


Message History

This wand has no charges.
You hit the orc wizard.
The orc wizard is severely wounded.
Prince Ribbit momentarily phases out as your attack passes through him.
Prince Ribbit is heavily wounded.
The orc wizard hits you but does no damage.
Prince Ribbit hits you but does no damage.
You slash the orc wizard!
You kill the orc wizard!
You have reached level 7!
You miss Prince Ribbit.
Prince Ribbit is heavily wounded.
Prince Ribbit hits you!
* * * LOW HITPOINT WARNING * * *
You feel very mighty all of a sudden.
Prince Ribbit hits you but does no damage.
Prince Ribbit momentarily phases out as your attack passes through him.
Prince Ribbit is heavily wounded.
Prince Ribbit hits you!
You die...

#....≈≈≈....# ,
#.........# .......*
* #...# #...# *
#########...# #..
....##.###### ,
#.#*#..#*#..)...# ,
#.###..####@###.####
#<#.........F......$
,
#.#.#..####.###.###.*
#)#.#...........#
##......##########
#........# #.#..##..#
* #.#..##..# ,
#.#...#..#


You could see Prince Ribbit.

Vanquished Creatures
  The ghost of Grim the Insei, an average OpWn (D:3)
  An ogre (D:4)
  A scorpion (D:4)
  2 orc wizards
  Natasha (thrice) (D:3)
  A worker ant (D:3)
  Jessica (D:3)
  3 adders (D:2)
  2 worms (D:3)
  3 giant geckos
  8 orcs (D:3)
  2 ball pythons (D:1)
  6 giant cockroaches
  7 goblins
  14 hobgoblins
  2 jackals (D:2)
  A quokka (D:2)
  8 bats
  3 giant newts
  12 kobolds
  6 rats
87 creatures vanquished.

Vanquished Creatures (others)
  4 toadstools (D:1)
4 creatures vanquished.

Grand Total: 91 creatures vanquished

Notes
Turn   | Place    | Note
--------------------------------------------------------------
     0 | D:1      | Ngotmuk, the Deep Dwarf Fighter, began the quest for the Orb.
     0 | D:1      | Reached XP level 1. HP: 20/20 MP: 1/1
    74 | D:1      | Reached XP level 2. HP: 25/27 MP: 2/2
   681 | D:2      | Found a shattered altar of Ashenzari.
   706 | D:2      | Found an iron altar of Okawaru.
   721 | D:2      | Reached XP level 3. HP: 18/33 MP: 3/3
   786 | D:2      | Reached skill level 4 in Axes
   982 | D:2      | Reached XP level 4. HP: 15/40 MP: 4/4
  1383 | D:3      | Noticed Jessica
  1390 | D:3      | Killed Jessica
  1657 | D:3      | Noticed Grim's ghost (average OpWn)
  1669 | D:3      | Killed Grim's ghost
  1669 | D:3      | Reached skill level 5 in Axes
  1669 | D:3      | Reached skill level 5 in Armour
  1669 | D:3      | Reached XP level 5. HP: 20/46 MP: 5/5
  1733 | D:3      | Noticed Natasha
  1752 | D:3      | Killed Natasha
  1752 | D:3      | Reached XP level 6. HP: 47/55 MP: 6/6
  1857 | D:3      | Noticed Natasha
  1863 | D:3      | Killed Natasha
  1991 | D:3      | Noticed Natasha
  1996 | D:3      | Killed Natasha
  2111 | D:3      | Reached skill level 6 in Axes
  2285 | D:4      | Noticed Prince Ribbit
  2371 | D:4      | Reached XP level 7. HP: 17/61 MP: 7/7
  2373 | D:4      | Slain by Prince Ribbit

Action                   |  1- 3 |  4- 6 |  7- 9 || total
-------------------------+-------+-------+-------++-------
Melee: War axe           |   112 |   206 |     1 ||   319
Evoke: Wand              |       |     7 |       ||     7
  Use: Scroll            |       |     1 |       ||     1
       Potion            |       |       |     1 ||     1
  Eat: Bread ration      |       |     1 |       ||     1
